[Event "45th FIDE Olympiad 2024"]
[Site "Budapest"]
[Date "2024.09.13"]
[Round "3.14"]
[White "Ouakhir, Mehdi Pierre"]
[Black "Salim Mohammed, Salim Al Amri"]
[Result "1/2-1/2"]
[ECO "E32"]
[WhiteElo "2191"]
[BlackElo "1926"]
[Annotator "RC"]
[PlyCount "103"]
[EventDate "2024.09.05"]
[EventType "team-tourn"]
[EventCountry "HUN"]
[SourceTitle "playchess.com"]
[Source "ChessBase"]
[SourceQuality "1"]
[WhiteTeam "Morocco"]
[BlackTeam "Oman"]
[WhiteTeamCountry "MAR"]
[BlackTeamCountry "OMN"]
[TimeControl "40/5400+30:1800+30"]

1. d4 Nf6 2. c4 e6 3. Nc3 Bb4 4. Qc2 O-O 5. e4 d5 6. e5 Ne4 7. Bd3 c5 8. cxd5 exd5 9. Nge2 cxd4 10. Nxd4 Nd7 11. f4 Qh4+ 12. g3 Qh3 13. Bf1 Qh5 14. Bg2 Ndc5 15. O-O Bxc3 16. bxc3 Bh3 17. Be3 f6 18. Bxh3 Qxh3 19. Nb3 b6 20. Nxc5 bxc5 21. c4 fxe5 22. cxd5 Nxg3 23. Rf3 exf4 24. Bxf4 Qg4 25. Rxg3 Qxf4 26. Qxc5 Rae8 27. d6 Re5 28. Qc3 Rg5 29. Rd1 Rxg3+ 30. Qxg3 Qxg3+ 31. hxg3 Rd8 32. Rc1 Rxd6 33. Rc8+ Kf7 34. Rc7+ Kf6 35. Rxa7 Rd2 36. Ra5 g5 37. a4 Kg6 38. Rb5 Rd4 39. a5 Kh5 40. Rb7 Ra4 41. Rxh7+ Kg4 42. Rb7 Kxg3 43. Rb3+ Kh4 44. a6 Rxa6 45. Rb4+ g4 46. Rb3 Ra2 47. Rc3 Rb2 48. Ra3 Rb8 49. Rc3 Rf8 50. Kg2 Rd8 51. Ra3 Rd1 52. Rb3 1/2-1/2

[Event "45th FIDE Olympiad 2024"]
[Site "Budapest"]
[Date "2024.09.13"]
[Round "3.15"]
[White "Subelj, Jan"]
[Black "Bu, Xiangzhi"]
[Result "1/2-1/2"]
[ECO "C01"]
[WhiteElo "2498"]
[BlackElo "2693"]
[Annotator "TA"]
[PlyCount "60"]
[EventDate "2024.09.05"]
[EventType "team-tourn"]
[EventCountry "HUN"]
[SourceTitle "playchess.com"]
[Source "ChessBase"]
[SourceQuality "1"]
[WhiteTeam "Slovenia"]
[BlackTeam "China"]
[WhiteTeamCountry "SLO"]
[BlackTeamCountry "CHN"]
[TimeControl "40/5400+30:1800+30"]

1. e4 e5 2. Nf3 Nf6 3. Nxe5 d6 4. Nf3 Nxe4 5. d3 Nf6 6. d4 d5 7. h3 h6 8. Bd3 Bd6 9. O-O O-O 10. Nc3 c6 11. Ne5 c5 12. Nb5 Be7 13. dxc5 Bxc5 14. Bf4 a6 15. Nc3 Nc6 16. Nxc6 bxc6 {[%emt 0:00:04] The position is equal.} 17. Qf3 Bd6 18. Ne2 a5 19. c4 Bxf4 20. Nxf4 a4 21. Rad1 Rb8 22. cxd5 cxd5 23. Bc2 Rxb2 24. Bxa4 Ba6 ({Of course not} 24... Rxa2 $6 25. Qb3 Qd6 26. Qxa2 $16) 25. Rfe1 Rxa2 26. Bb3 Ra3 27. Nxd5 Nxd5 28. Qxd5 (28. Rxd5 $2 {loses.} Qb6 29. Re3 Bb7 $19) 28... Qxd5 29. Bxd5 Rd3 30. Rxd3 Bxd3 {[%emt 0:00:04] An uneventful encounter.   Weighted Error Value: White=0.04 (flawless) /Black=0.05 (flawless) .  OK:         	White=11    	Black=5} 1/2-1/2

[Event "45th FIDE Olympiad 2024"]
[Site "Budapest"]
[Date "2024.09.13"]
[Round "3.15"]
[White "Al Busaidi, Hamood"]
[Black "Moayad, Anas"]
[Result "0-1"]
[ECO "B53"]
[WhiteElo "1881"]
[BlackElo "2016"]
[Annotator "NA RC"]
[PlyCount "78"]
[EventDate "2024.09.05"]
[EventType "team-tourn"]
[EventCountry "HUN"]
[SourceTitle "playchess.com"]
[Source "ChessBase"]
[SourceQuality "1"]
[WhiteTeam "Oman"]
[BlackTeam "Morocco"]
[WhiteTeamCountry "OMN"]
[BlackTeamCountry "MAR"]
[TimeControl "40/5400+30:1800+30"]

1. e4 c5 2. Nf3 d6 3. d4 cxd4 4. Qxd4 Nc6 5. Qe3 g6 6. Be2 Bg7 7. O-O Nf6 8. h3 O-O 9. Rd1 Qc7 10. c4 a6 11. Nc3 e6 12. Rb1 Ne5 13. b3 Nfd7 14. Ba3 Qa5 15. b4 Qc7 16. Nd2 Rd8 17. f4 Nc6 18. Nf3 Ne7 19. Rbc1 b6 20. Bb2 Bb7 21. f5 exf5 22. Nd5 Bxd5 23. cxd5 Qb7 24. Bxg7 Kxg7 25. Qg5 Nf6 26. exf5 Nxf5 27. g4 Re8 28. Bc4 Ne3 29. Rd4 Rac8 30. Rf4 Ne4 31. Qh4 Rxc4 32. Re1 Nxd5 33. g5 Nxf4 34. Qxf4 Qd5 35. h4 Re6 36. h5 Nxg5 37. h6+ Kxh6 38. Qh2+ Kg7 39. Qb2+ Kg8 0-1

[Event "45th FIDE Olympiad 2024"]
[Site "Budapest"]
[Date "2024.09.13"]
[Round "3.16"]
[White "Wang, Yue"]
[Black "Sebenik, Matej"]
[Result "1-0"]
[ECO "B90"]
[WhiteElo "2637"]
[BlackElo "2515"]
[Annotator "TA"]
[PlyCount "43"]
[EventDate "2024.09.05"]
[EventType "team-tourn"]
[EventCountry "HUN"]
[SourceTitle "playchess.com"]
[Source "ChessBase"]
[SourceQuality "1"]
[WhiteTeam "China"]
[BlackTeam "Slovenia"]
[WhiteTeamCountry "CHN"]
[BlackTeamCountry "SLO"]
[TimeControl "40/5400+30:1800+30"]

1. e4 c5 2. Nf3 d6 3. d4 cxd4 4. Nxd4 Nf6 5. Nc3 a6 6. Be3 e5 7. Nf3 Be7 8. Bc4 Be6 9. Bxe6 fxe6 10. Ng5 Qd7 11. Qf3 $1 {[%emt 0:00:07] White is slightly better.} h6 (11... d5 $11) 12. Qh3 $16 {[%emt 0:02:41] White is more active.} Nc6 {[%emt 0:00:06] [#]} 13. Na4 $1 (13. Nxe6 $2 Kf7 14. Nd5 Qxe6 $19) 13... Bd8 {[%emt 0:48:05] [#]} (13... Nb4 $2 14. Nb6 Qc6 15. Nxa8 $18 (15. O-O Rb8 $18)) 14. O-O-O $1 $36 {[%emt 0:06:26][%mdl 2048] White is in control.} ({Stronger than} 14. Qxe6+ Qxe6 15. Nxe6 Ba5+ 16. c3 Kf7 $17 (16... Nxe4 17. Nxg7+ Kf7 18. Nh5 $16)) (14. Nxe6 $2 {loses.} Ba5+ (14... Nb4 15. O-O $14) 15. Bd2 Bxd2+ 16. Kxd2 Kf7 $19 (16... Nxe4+ 17. Ke1 $15)) 14... Qe7 (14... Ba5 $16) 15. Nxe6 $18 {[%emt 0:04:42] Black must now prevent f4.} Ba5 16. f4 Kf7 17. f5 {[%emt 0:01:09] Bb6 would now be deadly.} Rac8 $2 (17... Nd8 18. Bb6 Bxb6) 18. Bb6 Nxe4 $2 (18... Rb8 19. Qg3 Kg8 20. Bxa5 Nxa5) 19. Bxa5 {[%emt 0:05:06] White is clearly winning.} Nxa5 20. Nb6 {[%emt 0:00:06] Prevents Nc4.} Nf6 {[%emt 0:01:44] Inhibits Qh5+.} 21. Qg3 g5 22. fxg6+ {[%emt 0:00:28] Black got outplayed after the opening.   Weighted Error Value: White=0.02 (flawless) /Black=0.85.  Mistake:       	---       	Black=4      Inaccurate:     	---       	Black=2      OK:         	White=4     	Black=4      Best:        	White=2     	---        Strong:       	White=3     	---} 1-0

[Event "45th FIDE Olympiad 2024"]
[Site "Budapest"]
[Date "2024.09.13"]
[Round "3.16"]
[White "Nait, Elasri Brahim"]
[Black "Al Mashikhi, Mohammed Alyan"]
[Result "1-0"]
[ECO "C13"]
[WhiteElo "1994"]
[BlackElo "1959"]
[Annotator "NA RC"]
[PlyCount "119"]
[EventDate "2024.09.05"]
[EventType "team-tourn"]
[EventCountry "HUN"]
[SourceTitle "playchess.com"]
[Source "ChessBase"]
[SourceQuality "1"]
[WhiteTeam "Morocco"]
[BlackTeam "Oman"]
[WhiteTeamCountry "MAR"]
[BlackTeamCountry "OMN"]
[TimeControl "40/5400+30:1800+30"]

1. e4 e6 2. d4 d5 3. Nc3 dxe4 4. Nxe4 Nd7 5. Nf3 Ngf6 6. Bg5 Be7 7. Nxf6+ Bxf6 8. Bxf6 Qxf6 9. c3 O-O 10. Bd3 e5 11. O-O exd4 12. cxd4 Nb6 13. Qc2 Nd5 14. Bxh7+ Kh8 15. Be4 Be6 16. Bxd5 Bxd5 17. Ne5 Qf4 18. Rad1 c6 19. a3 g6 20. Qd2 Qh4 21. Qe3 Kg7 22. Qg3 Qe4 23. Nd7 Rfe8 24. Nc5 Qe2 25. Qc3 b6 26. Nd3 Qg4 27. f3 Re2 28. Nf2 Qg5 29. Rfe1 Rae8 30. Rxe2 Rxe2 31. Kf1 Re3 32. Qc1 f5 33. Re1 Rxe1+ 34. Qxe1 Kf7 35. Nh3 Qh6 36. Qc3 a5 37. Kf2 Qh4+ 38. Ke2 f4 39. Qe1 Qf6 40. Kd3 Qf5+ 41. Kd2 Bxf3 42. Qf2 Be4 43. Qxf4 Bxg2 44. Qxf5+ gxf5 45. Nf4 Be4 46. Ke3 Kf6 47. h4 Kg7 48. Ne2 b5 49. Ng3 Bc2 50. Kf4 Kf6 51. h5 b4 52. axb4 axb4 53. h6 Kg6 54. Nxf5 Kh7 55. Ke5 Bd3 56. Ne7 Kxh6 57. Nxc6 b3 58. d5 Kg5 59. Nd4 Bc4 60. d6 1-0

[Event "45th FIDE Olympiad 2024"]
[Site "Budapest"]
[Date "2024.09.13"]
[Round "3.17"]
[White "Abdusattorov, Nodirbek"]
[Black "Brkic, Ante"]
[Result "1-0"]
[ECO "E11"]
[WhiteElo "2766"]
[BlackElo "2642"]
[Annotator "TA"]
[PlyCount "119"]
[EventDate "2024.09.05"]
[EventType "team-tourn"]
[EventCountry "HUN"]
[SourceTitle "playchess.com"]
[Source "ChessBase"]
[SourceQuality "1"]
[WhiteTeam "Uzbekistan"]
[BlackTeam "Croatia"]
[WhiteTeamCountry "UZB"]
[BlackTeamCountry "CRO"]
[TimeControl "40/5400+30:1800+30"]

1. d4 Nf6 2. c4 e6 3. Nf3 d5 4. g3 Bb4+ 5. Bd2 Be7 6. Bg2 O-O 7. O-O Nbd7 8. Qc2 c6 9. Rc1 {[%emt 0:00:08] E11: Bogo-Indian.} a5 {[%emt 0:01:55] 9...a5 scores better than 9...b6.} 10. a4 h6 11. Bc3 $5 {[%emt 0:14:29][%mdl 4] An interesting side line.} b6 12. Nbd2 Bb7 13. Rd1 Qc7 14. b3 Rfd8 15. Bb2 Rac8 16. Rac1 c5 17. cxd5 Bxd5 18. e4 Bc6 $146 ({Predecessor:} 18... Bb7 19. Bh3 Nf8 20. Re1 Qb8 21. d5 exd5 22. Be5 Qa8 23. Nh4 dxe4 {½-½ Szymanski,R (2382)-Simal Moreira,L (2379) ESP-chT15 Gold email 2017 [6]}) 19. Re1 Bb7 20. Bh3 Nf8 21. d5 exd5 22. Be5 Qc6 23. Bxf6 Bxf6 24. exd5 Rxd5 (24... Qxd5 {looks sharper.} 25. Bxc8 Rxc8 26. Re3 Bg5) 25. Bxc8 Qxc8 26. Ne4 Qf5 27. Nxf6+ Qxf6 28. Re3 $1 Ne6 29. Rce1 g5 30. Qe4 Kg7 31. h4 Rd7 32. Qg4 Bxf3 (32... Rd5 $11 {remains equal.}) 33. Rxf3 $16 Rd4 34. Qh5 Qg6 35. Qxg6+ Kxg6 36. h5+ $1 Kg7 37. Kg2 Rb4 (37... Rd6 $14) 38. Rc3 Kf6 39. Ree3 b5 (39... g4 $16 {was worth a try.} 40. f3 gxf3+ 41. Rxf3+ Kg5 42. Rxf7 Kxh5) 40. Rf3+ Ke7 41. axb5 Rxb5 42. Rce3 Rb6 43. Rf5 Kf8 44. Rd3 Rb7 45. Rd6 Kg7 46. Ra6 Nd4 47. Rxc5 Nxb3 48. Rd5 (48. Rcc6 Re7 49. Rc8 (49. Rxh6 Nc5 $11) 49... Nd4 50. Rxa5 g4) 48... Rc7 49. Rd8 Nc5 50. Raa8 (50. Rxa5 Ne4 51. Ra4 Re7 $18) 50... Ne4 51. Rg8+ ({Weaker is} 51. Rxa5 Rc2 $16) 51... Kf6 52. Ra6+ ({Less strong is} 52. Rxa5 Rc2 53. Kf3 Nxf2 $18) 52... Ke7 53. Rxh6 Rc2 54. Rhh8 Nxf2 55. Kf3 (55. Rxg5 $2 {too greedy.} Ne4+ 56. Kh3 Nxg5+ $19) 55... g4+ 56. Ke3 Nd1+ 57. Kf4 Rc4+ 58. Kg5 Rc5+ 59. Kh4 Nf2 60. Rc8 1-0

[Event "45th FIDE Olympiad 2024"]
[Site "Budapest"]
[Date "2024.09.13"]
[Round "3.18"]
[White "Martinovic, Sasa"]
[Black "Yakubboev, Nodirbek"]
[Result "1/2-1/2"]
[ECO "D38"]
[WhiteElo "2563"]
[BlackElo "2666"]
[Annotator "TA"]
[PlyCount "96"]
[EventDate "2024.09.05"]
[EventType "team-tourn"]
[EventCountry "HUN"]
[SourceTitle "playchess.com"]
[Source "ChessBase"]
[SourceQuality "1"]
[WhiteTeam "Croatia"]
[BlackTeam "Uzbekistan"]
[WhiteTeamCountry "CRO"]
[BlackTeamCountry "UZB"]
[TimeControl "40/5400+30:1800+30"]

1. d4 Nf6 2. c4 e6 3. Nf3 d5 4. Nc3 Bb4 5. Qa4+ Nc6 6. e3 O-O 7. Bd2 Re8 {[%emt 0:01:10] D38: Queen's Gambit Declined: Ragozin Defence (4 Nf3 Bb4).} 8. a3 Bf8 9. Be2 h6 10. O-O a6 11. Rad1 dxc4 12. Bxc4 Bd6 $146 ({Predecessor:} 12... e5 13. Qb3 Qd7 14. dxe5 Nxe5 15. Nxe5 Rxe5 16. e4 b5 17. Be2 Qe6 18. Qxe6 Rxe6 {1-0 Materia,M (2269)-Spitzl,V (2346) EU-ch Online U2300 Final 2020 (4)}) 13. e4 Bd7 14. Qc2 e5 15. dxe5 Nxe5 16. Nxe5 Bxe5 17. h3 b5 18. Ba2 c5 19. Rfe1 c4 20. Bb1 Nh5 21. Be3 Re6 (21... Nf6 $14) 22. Rd5 ({White should try} 22. Qd2 $16 Rd6 23. Qe2 Rxd1 24. Rxd1) 22... Qc7 $14 23. Rc5 Rc6 {[%emt 0:01:12] [#]} (23... Qb7 $142) 24. Nd5 (24. Rxe5 $1 $16 Qxe5 25. Rd1) 24... Qd6 $14 25. Rxc6 Bxc6 26. Rd1 (26. b3 $14) 26... Bxd5 $11 27. Rxd5 Qe6 28. Qd2 Nf6 29. Rd8+ $1 Rxd8 30. Qxd8+ Qe8 31. Qxe8+ Nxe8 32. Bc1 Nd6 33. Kf1 f6 34. Ke2 Bd4 35. Bc2 Kf8 36. f3 Ke7 37. b3 Kd7 38. bxc4 Nxc4 39. a4 Kc6 40. axb5+ axb5 41. Kd3 Kc5 42. Bb3 Bb2 43. Bxb2 Nxb2+ 44. Kc3 Na4+ 45. Kd3 Nb2+ 46. Kc3 Na4+ 47. Kd3 Nb2+ 48. Kc3 Na4+ 1/2-1/2

[Event "45th FIDE Olympiad 2024"]
[Site "Budapest"]
[Date "2024.09.13"]
[Round "3.19"]
[White "Sindarov, Javokhir"]
[Black "Livaic, Leon"]
[Result "1-0"]
[ECO "B07"]
[WhiteElo "2677"]
[BlackElo "2550"]
[Annotator "TA"]
[PlyCount "79"]
[EventDate "2024.09.05"]
[EventType "team-tourn"]
[EventCountry "HUN"]
[SourceTitle "playchess.com"]
[Source "ChessBase"]
[SourceQuality "1"]
[WhiteTeam "Uzbekistan"]
[BlackTeam "Croatia"]
[WhiteTeamCountry "UZB"]
[BlackTeamCountry "CRO"]
[TimeControl "40/5400+30:1800+30"]

1. e4 d6 2. d4 Nf6 3. Bd3 e5 4. dxe5 dxe5 5. Nf3 Bd6 6. Nbd2 Nbd7 7. O-O O-O 8. Nc4 {[%emt 0:05:03] The position is equal.} h6 9. Qe1 b6 10. b4 Re8 11. Bb2 Nh5 12. g3 Bb7 13. Qe2 Nhf6 (13... Bxb4 $11 14. Nfxe5 Nhf6) 14. Rfd1 (14. a3 $14) 14... Qe7 15. a3 Kh7 (15... a5 $14) 16. Nfd2 {[%emt 0:02:57][%cal Bf3d2,Bd2f1,Bf1e3][%mdl 32] White is more active.} g6 17. Nxd6 cxd6 18. Ba6 ({Better is} 18. c4 $16) 18... Bxa6 $14 19. Qxa6 Rac8 20. Qd3 Qe6 {[%emt 0:01:39] Wards off Nc4} 21. Nf1 Qc4 {[%emt 0:04:23] White leaves nothing to chance now.} ({Black should try} 21... b5 $14) 22. Qxc4 $16 (22. Qxd6 Qxc2 23. Qd2 Qxe4 $11) 22... Rxc4 {[%emt 0:00:06] [#]} 23. Ne3 (23. Rxd6 Rxc2 24. Rd2 Rxd2 25. Nxd2 a5 26. bxa5 bxa5 $14) 23... Rc6 24. b5 Rc7 25. f3 (25. Rxd6 Nxe4 26. Rc6 Rec8 $14) 25... Re6 26. a4 Nc5 27. a5 Ne8 28. axb6 axb6 29. Ra8 {[%emt 0:00:05] [#] And now Nd5 would win.} Nd7 (29... Nf6 $16 {keeps fighting.} 30. g4 Kg7) 30. c4 f5 (30... Kg7 $142 31. Ba3 Rb7) 31. Nd5 $18 ({But not} 31. exf5 gxf5 32. Nxf5 h5) 31... Rb7 32. Rda1 Nef6 33. R1a7 Rxa7 34. Rxa7 Kg8 35. Ba3 (35. exf5 gxf5 36. Ba3 Re8 37. Bxd6 Nxd5 $18) 35... fxe4 36. fxe4 ({Weaker is} 36. Nc7 Re7 $14) 36... Nc5 37. Nxb6 Ncxe4 38. Nc8 {[%emt 0:00:20] Strongly threatening b6.} Ng4 39. b6 {[%emt 0:00:25] b7 would kill now.} Rf6 40. Ne7+ {[%emt 0:00:07] Weighted Error Value: White=0.08 (flawless) /Black=0.53.  Mistake:       	White=2     	Black=5      Inaccurate:     	White=2     	Black=6      OK:         	White=16    	Black=6      Best:        	White=3     	Black=1} 1-0

[Event "45th FIDE Olympiad 2024"]
[Site "Budapest"]
[Date "2024.09.13"]
[Round "3.20"]
[White "Kozul, Zdenko"]
[Black "Vokhidov, Shamsiddin"]
[Result "0-1"]
[ECO "D37"]
[WhiteElo "2515"]
[BlackElo "2650"]
[Annotator "RC"]
[PlyCount "136"]
[EventDate "2024.09.05"]
[EventType "team-tourn"]
[EventCountry "HUN"]
[SourceTitle "playchess.com"]
[Source "ChessBase"]
[SourceQuality "1"]
[WhiteTeam "Croatia"]
[BlackTeam "Uzbekistan"]
[WhiteTeamCountry "CRO"]
[BlackTeamCountry "UZB"]
[TimeControl "40/5400+30:1800+30"]

1. d4 Nf6 2. Nf3 e6 3. c4 d5 4. Nc3 Be7 5. e3 O-O 6. a3 b6 7. cxd5 exd5 8. Be2 c5 9. O-O Bb7 10. b3 Na6 11. Bb2 Nc7 12. Qc2 Ne6 13. Rad1 Rc8 14. Qb1 Bd6 15. dxc5 bxc5 16. b4 c4 17. Nb5 Bb8 18. Qa1 Ne4 19. Be5 a6 20. Nc3 Bxe5 21. Nxe5 Nxc3 22. Qxc3 Qf6 23. Bg4 Rfe8 24. Rc1 Qg5 25. f4 Qe7 26. Nf3 Rcd8 27. Rfe1 Nc7 28. Nd4 Nb5 29. Qa1 Nd6 30. Bf3 Qd7 31. Rcd1 Re7 32. Rd2 Rde8 33. Nc2 Qf5 34. Red1 h6 35. Qc1 Qg6 36. Bxd5 c3 37. Rd3 Bxd5 38. Rxd5 Ne4 39. Rd8 Nd2 40. R1xd2 cxd2 41. Qxd2 Kh7 42. Rxe8 Rxe8 43. Qc3 Qe4 44. Kf2 Re6 45. Nd4 Rg6 46. g3 Qh1 47. Nf3 Qd1 48. Qc4 Rd6 49. Nd4 Qh1 50. Qxf7 Qxh2+ 51. Kf3 Rg6 52. Ne2 Qh3 53. e4 Rd6 54. Ke3 Rd1 55. Qb3 Re1 56. Kd2 Qf1 57. Qc4 Ra1 58. Qxa6 Qf2 59. Qc4 Qe1+ 60. Ke3 Rxa3+ 61. Kd4 Qd2+ 62. Ke5 Ra8 63. Nd4 Re8+ 64. Ne6 Qb2+ 65. Kd5 Rb8 66. Qd4 Qb3+ 67. Kd6 Qxg3 68. Qd5 Rxb4 0-1

[Event "45th FIDE Olympiad 2024"]
[Site "Budapest"]
[Date "2024.09.13"]
[Round "3.21"]
[White "Lodici, Lorenzo"]
[Black "Giri, Anish"]
[Result "1-0"]
[ECO "E43"]
[WhiteElo "2556"]
[BlackElo "2724"]
[Annotator "TA"]
[PlyCount "61"]
[EventDate "2024.09.05"]
[EventType "team-tourn"]
[EventCountry "HUN"]
[SourceTitle "playchess.com"]
[Source "ChessBase"]
[SourceQuality "1"]
[WhiteTeam "Italy"]
[BlackTeam "Netherlands"]
[WhiteTeamCountry "ITA"]
[BlackTeamCountry "NED"]
[TimeControl "40/5400+30:1800+30"]

1. d4 Nf6 2. c4 e6 3. Nc3 Bb4 4. e3 b6 5. Bd3 Bb7 6. Nge2 Bxg2 7. Rg1 Bf3 8. Rg3 Bxc3+ 9. bxc3 Be4 {[%emt 0:00:04] Black is slightly better.} 10. Qc2 Bxd3 11. Qxd3 Nh5 12. Rh3 g6 13. e4 d6 14. Ng3 Nxg3 15. Qxg3 f6 ({Better is} 15... h5 $17 16. Bg5 f6) 16. Bh6 $11 Rg8 {[%emt 0:13:21] Repels Bg7} (16... Qe7 $11) 17. e5 $1 $14 {[%emt 0:04:25] White is much more active.} Nd7 18. O-O-O (18. exd6 $6 cxd6 19. Qxd6 Qe7 $14) 18... Qe7 {[%emt 0:03:10] [#]} (18... dxe5 $2 19. dxe5 Qe7 (19... fxe5 $2 20. Bg5 $18) 20. exf6 Nxf6 21. Qe5 $18) (18... fxe5 $2 19. Bg5 Nf6 20. Qh4 (20. dxe5 Ne4 $16) (20. Qf3 e4 $18) 20... exd4 21. Bxf6 $18) 19. exf6 Nxf6 20. Bg5 {[%emt 0:06:46] Hoping for Qf3.} Ne4 $2 {[%emt 0:00:08] This move loses the game for Black.} 21. Bxe7 $18 Nxg3 22. fxg3 ({Resist} 22. Rxh7 $6 Nf5 23. Bg5 Kf8 $18) (22. hxg3 Kxe7 23. Rxh7+ Kf6 $16) 22... Kxe7 23. Rxh7+ {[%emt 0:00:05][%mdl 4096] Endgame. KRR-KRR} Kd8 24. Rf1 Kc8 25. Rff7 Kb7 26. Rxc7+ Ka6 27. Rhe7 Rgf8 28. Kb2 ({But not} 28. Rxe6 Rf2 29. h4 (29. Rxd6 Re8 $11) 29... g5 $18) 28... d5 29. Rxe6 {[%emt 0:01:14] White is winning.} dxc4 30. Rxc4 Rf2+ 31. Kb3 {[%emt 0:00:06] Weighted Error Value: White=0.02 (flawless) /Black=0.28 (precise) .  Mistake:       	---       	Black=3      Inaccurate:     	---       	Black=1      OK:         	White=12    	Black=11     Best:        	White=3     	---        Strong:       	White=1     	---} 1-0

[Event "45th FIDE Olympiad 2024"]
[Site "Budapest"]
[Date "2024.09.13"]
[Round "3.21"]
[White "Ferster, Fabian"]
[Black "Than, Min Hlaing"]
[Result "1-0"]
[ECO "B23"]
[WhiteElo "2184"]
[BlackElo "2121"]
[Annotator "RC"]
[PlyCount "43"]
[EventDate "2024.09.05"]
[EventType "team-tourn"]
[EventCountry "HUN"]
[SourceTitle "playchess.com"]
[Source "ChessBase"]
[SourceQuality "1"]
[WhiteTeam "Liechtenstein"]
[BlackTeam "Myanmar"]
[WhiteTeamCountry "LIE"]
[BlackTeamCountry "MYA"]
[TimeControl "40/5400+30:1800+30"]

1. e4 c5 2. Nc3 Nc6 3. Nge2 e5 4. Ng3 g6 5. Bc4 h5 6. d3 h4 7. Nf1 h3 8. g3 d6 9. Nd5 Bg7 10. c3 Nh6 11. Bxh6 Rxh6 12. Nfe3 Be6 13. O-O Qd7 14. a3 O-O-O 15. b4 f5 16. Qa4 f4 17. b5 fxe3 18. bxc6 e2 19. cxd7+ Bxd7 20. Qa5 exf1=Q+ 21. Rxf1 Kb8 22. Qxd8+ 1-0

[Event "45th FIDE Olympiad 2024"]
[Site "Budapest"]
[Date "2024.09.13"]
[Round "3.22"]
[White "Van Foreest, Jorden"]
[Black "Moroni, Luca Jr"]
[Result "1-0"]
[ECO "B12"]
[WhiteElo "2696"]
[BlackElo "2558"]
[Annotator "TA"]
[PlyCount "57"]
[EventDate "2024.09.05"]
[EventType "team-tourn"]
[EventCountry "HUN"]
[SourceTitle "playchess.com"]
[Source "ChessBase"]
[SourceQuality "1"]
[WhiteTeam "Netherlands"]
[BlackTeam "Italy"]
[WhiteTeamCountry "NED"]
[BlackTeamCountry "ITA"]
[TimeControl "40/5400+30:1800+30"]

1. e4 c6 2. d4 d5 3. e5 Bf5 4. Nf3 e6 5. Be2 Nd7 6. O-O a5 7. Ne1 Ne7 8. c3 a4 {[%emt 0:02:33] White has an edge.} 9. Na3 Bg6 10. Nd3 Nf5 11. Nc2 Be7 12. Nf4 b5 13. g3 Qb6 {[%emt 0:06:28] [#]} (13... Bg5 $14) 14. h4 $1 $16 h6 (14... h5 $16 {was worth a try.} 15. a3 (15. Bxh5 Bxh5 16. Nxh5 O-O-O $16) (15. Nxh5 c5 $16) 15... c5) 15. Nxg6 $18 fxg6 {[%emt 0:00:05] [#]} 16. h5 $1 g5 17. Ne3 ({White should play} 17. Bg4 $18) 17... O-O-O {[%emt 0:09:42] Loses the game.} (17... c5 $16 18. Bd3 cxd4 19. Nxf5 exf5) 18. Bg4 Rdf8 19. Qd3 g6 20. b3 (20. hxg6 Ng7 21. b3 Qa5 $18) 20... a3 21. Bd2 Kb8 22. Rac1 Rhg8 23. hxg6 Ng7 24. c4 {[%emt 0:00:05] Threatens to win with cxd5.} h5 (24... Qb7 $142 25. cxd5 cxd5) 25. cxd5 hxg4 26. dxc6 (26. Rxc6 $142 Qb7 27. Rfc1 (27. Nxg4 exd5 28. Rfc1 Rc8 $18)) 26... Rh8 $2 (26... Nc5 27. c7+ (27. dxc5 Qxc6 28. Nxg4 Rd8 $16) (27. Rxc5 Bxc5 28. dxc5 Qxc6 $18) 27... Qxc7 28. Qxb5+ (28. dxc5 Qc6 $16) 28... Qb7 29. Rxc5 Bxc5 30. Qxc5 Rd8) 27. Qe4 {[%emt 0:00:09] White is clearly winning.} Nf5 28. Nxf5 (28. Qxg4 Nxd4 29. cxd7 Nf3+ $18) 28... exf5 29. Qd5 {[%emt 0:00:06] Weighted Error Value: White=0.38/Black=0.40.  Mistake:       	White=1     	Black=4      Inaccurate:     	White=1     	Black=2      OK:         	White=9     	Black=5      Best:        	White=2     	---        Strong:       	White=1     	---} 1-0

[Event "45th FIDE Olympiad 2024"]
[Site "Budapest"]
[Date "2024.09.13"]
[Round "3.22"]
[White "Kyaw, Zay Ya"]
[Black "Krieger, Markus"]
[Result "0-1"]
[ECO "C45"]
[WhiteElo "1818"]
[BlackElo "2153"]
[Annotator "RC"]
[PlyCount "58"]
[EventDate "2024.09.05"]
[EventType "team-tourn"]
[EventCountry "HUN"]
[SourceTitle "playchess.com"]
[Source "ChessBase"]
[SourceQuality "1"]
[WhiteTeam "Myanmar"]
[BlackTeam "Liechtenstein"]
[WhiteTeamCountry "MYA"]
[BlackTeamCountry "LIE"]
[TimeControl "40/5400+30:1800+30"]

1. e4 e5 2. Nf3 Nc6 3. d4 exd4 4. Nxd4 Nf6 5. Nxc6 bxc6 6. Bd3 d5 7. e5 Ng4 8. Bf4 Bc5 9. Bg3 O-O 10. h3 Nxe5 11. Be2 Re8 12. O-O Bf5 13. Nc3 Rb8 14. Na4 Bd6 15. c3 Ng6 16. b4 Qg5 17. Kh2 Re7 18. Bh5 Rbe8 19. Nc5 Nf4 20. Bf3 Ne2 21. Bxe2 Rxe2 22. Qd4 h5 23. h4 Qg6 24. a4 R8e3 25. Bf4 Re4 26. Nxe4 Rxe4 27. Bxd6 Rxd4 28. cxd4 Qxd6+ 29. Kg1 Qxb4 0-1